 Dungeon Sprint DCSS version 0.24-a0-439-g6dd8730de2 (webtiles) character file.

Game seed: 10456876786349661002

48 mahrnol the Shield-Bearer (level 3, -4/37 HPs)
             Began as a Minotaur Fighter on June 17, 2019.
             Was an Initiate of Makhleb.
             Slain by a wraith (5 damage)
             ... in the Dungeon (Sprint IX: "|||||||||||||||||||||||||||||").
             The game lasted 00:03:58 (189 turns).

mahrnol the Shield-Bearer (Minotaur Fighter)         Turns: 189, Time: 00:03:58

Health: -4/37      AC:  9    Str: 24    XL:     3   Next: 50%
Magic:  2/2        EV: 10    Int:  5    God:    Makhleb [......]
Gold:   0          SH: 10    Dex:  9    Spells: 2/2 levels left

rFire    . . .     SeeInvis .   a - +0 flail
rCold    . . .     Gourm    .   c - +0 shield
rNeg     . . .     Faith    .   b - +2 ring mail
rPois    .         Spirit   .   (helmet restricted)
rElec    .         Reflect  .   w - +0 cloak
rCorr    .         Harm     .   (no gloves)
MR       .....     NoTele   +   (no boots)
Stlth    ..........             (no amulet)
HPRegen  0.12/turn              x - +3 ring of strength
MPRegen  0.08/turn              y - +2 ring of evasion

@: slowed, very slow
A: retaliatory headbutt, horns 2
a: Renounce Religion


You were in the Dungeon.
You worshipped Makhleb.
Makhleb was noncommittal.
You were not hungry.

You visited 1 branch

Inventory:

Hand Weapons
 a - a +0 flail (weapon)
 q - a +2 halberd of venom
 r - a +0 lajatang
 s - a +2 morningstar of protection
 t - a +2 rapier of distortion
 u - a +2 scimitar of flaming
 v - a +3 war axe of chopping
Armour
 b - a +2 ring mail (worn)
 c - a +0 shield (worn)
 w - a +0 cloak (worn)
Jewellery
 x - a +3 ring of strength (left hand)
 y - a +2 ring of evasion (right hand)
Wands
 p - a wand of acid (10)
Scrolls
 k - 2 scrolls of blinking
 n - 3 scrolls of remove curse
 o - 2 scrolls of amnesia
Potions
 d - a potion of might
 e - 5 potions of curing
 g - 3 potions of heal wounds
 h - a potion of haste
 i - 4 potions of magic
 j - a potion of berserk rage
 m - a potion of invisibility
Comestibles
 f - a ration
 l - 8 chunks of flesh


   Skills:
 + Level 5.7 Fighting
 + Level 3.7 Maces & Flails
 + Level 5.6 Armour
 + Level 6.0 Shields


You had 2 spell levels left.
You didn't know any spells.
Your spell library was empty.

Dungeon Overview and Level Annotations

Branches:
Dungeon (1/1)

Altars:
Cheibriados
Dithmenos
Elyvilon
Fedhas
Gozag
Hepliaklqana
Kikubaaqudgha
Makhleb
Nemelex Xobeh
Okawaru
Qazlal
Ru
Sif Muna
Trog
Uskayaw
Vehumet
Wu Jian
Xom
Yredelemnul
Zin
The Shining One
Beogh
Jiyva
Lugonu


Innate Abilities, Weirdness & Mutations

You reflexively headbutt those who attack you in melee.
You have a pair of horns on your head.


Message History

The wraith drains your vigour!
You feel as though you will be slow longer.
The crimson imp blinks!
You barely miss the crimson imp. The wraith barely misses you.
The crimson imp barely misses you. The wraith closely misses you.
You furiously retaliate!
You headbutt the wraith, but do no damage.
You block the crimson imp's attack.
You closely miss the crimson imp. The wraith hits you.
* * * LOW HITPOINT WARNING * * *
The crimson imp hits you.
* * * LOW HITPOINT WARNING * * *
The wraith misses you.
The crimson imp hits you but does no damage.
You barely miss the crimson imp. Your headbutt misses the crimson imp.
The wraith barely misses you. You block the crimson imp's attack.
You block the wraith's attack. You block the crimson imp's attack.
You barely miss the crimson imp. The wraith closely misses you.
The crimson imp blinks!
The wraith hits you.
You die... ▓▓▓▓▓▓▓▓▓▓▓▓▓▓▓▓▓▓▓▓▓▓▓▓▓ ...ZJ9OW@5[..|..'________ ▓▓▓▓▓▓▓▓▓▓▓▓▓▓▓▓▓▓▓▓▓▓▓▓▓

You could see a two-headed ogre, a wraith, a gargoyle, a jelly, a crimson imp and an adder zombie.

Vanquished Creatures
  A hound (D)
  An adder (D)
  A worm (D)
  2 bats (D)
  A giant cockroach (D)
  A goblin (D)
  A quokka (D)
  A frilled lizard (D)
  A kobold (D)
10 creatures vanquished.

Notes
Turn   | Place    | Note
-------+----------+-------------------------------------------
     0 | D        | mahrnol the Minotaur Fighter began the quest for the Orb.
     0 | D        | Reached XP level 1. HP: 19/19 MP: 0/0
     7 | D        | Reached skill level 4 in Shields
    79 | D        | Noticed a hound
    85 | D        | Reached XP level 2. HP: 27/28 MP: 1/1
    90 | D        | Reached skill level 5 in Fighting
    90 | D        | Reached skill level 5 in Shields
    93 | D        | Reached skill level 5 in Armour
    93 | D        | Reached XP level 3. HP: 32/37 MP: 2/2
    95 | D        | Reached skill level 6 in Shields
   107 | D        | Found a roughly hewn altar of Beogh.
   107 | D        | Found a snail-covered altar of Cheibriados.
   107 | D        | Found a shadowy altar of Dithmenos.
   107 | D        | Found a white marble altar of Elyvilon.
   107 | D        | Found a blossoming altar of Fedhas.
   107 | D        | Found an opulent altar of Gozag.
   108 | D        | Found a hazy altar of Hepliaklqana.
   109 | D        | Found a viscous altar of Jiyva.
   110 | D        | Found an ancient bone altar of Kikubaaqudgha.
   111 | D        | Found a corrupted altar of Lugonu.
   112 | D        | Found a burning altar of Makhleb.
   113 | D        | Found a sparkling altar of Nemelex Xobeh.
   114 | D        | Found an iron altar of Okawaru.
   115 | D        | Found a stormy altar of Qazlal.
   116 | D        | Found a sacrificial altar of Ru.
   117 | D        | Found a deep blue altar of Sif Muna.
   118 | D        | Found a bloodstained altar of Trog.
   119 | D        | Found a hide-covered altar of Uskayaw.
   120 | D        | Became a worshipper of Makhleb the Destroyer
   121 | D        | Found a radiant altar of Vehumet.
   122 | D        | Found an ornate altar of the Wu Jian Council.
   123 | D        | Found a shimmering altar of Xom.
   124 | D        | Found a basalt altar of Yredelemnul.
   125 | D        | Found a glowing silver altar of Zin.
   126 | D        | Found a glowing golden altar of the Shining One.
   171 | D        | Noticed a gargoyle
   171 | D        | Noticed a two-headed ogre
   171 | D        | Noticed a wraith
   187 | D        | HP: 1/37 [crimson imp (2)]
   189 | D        | Slain by a wraith

Levels and vault maps discovered:
D:        linesprint [early_d, line_temple, items_1, d_10, items_2, lair_1,
          lair_end, items_3, orc_1, orc_end, items_4, d_15, swamp_1, shoals_1,
          snake_1, spider_1, d_20, vaults_1, items_5, swamp_end, shoals_end,
          snake_end, spider_end, vaults_end, d_27, items_6, zot_1, zot_end,
          crypt_end, forest_end, elf_end, slime_end, tomb_end, abyss_end,
          pan_hell_end]

Skill      XL: |  1  2  3 |
---------------+----------+-----
Fighting       | 4 5 |  5.7
Armour         | 4 5 |  5.6
Shields        | 4 5 6 |  6.0
Maces & Flails | 3 |  3.7

Action                   || total
-------------------------++-------
Melee: Flail             ||    43
       Headbutt          ||     4
Armor: Scale mail        ||     8
       Ring mail         ||    11
Dodge: Dodged            ||    23
Block: Shield            ||    31

Table legend:
 A = Non-vault XP
 B = Vault XP
 C = Vault XP percentage of total XP
 D = Non-vault monster count
 E = Vault monster count
 F = Vault count percentage of total count
                 A         B        C        D         E       F
            +---------+---------+-------+---------+---------+-------
      Total |       0 |      69 | 100.0 |       0 |      10 | 100.0
            +---------+---------+-------+---------+---------+-------
          D |       0 |      69 | 100.0 |       0 |      10 | 100.0
            +---------+---------+-------+---------+---------+-------
